 Dungeon Crawl Stone Soup version 0.29-a0-653-gd47aff6735 (webtiles) character file.

Game seed: 3828765174267040716

1799 ZappyNine the Skirmisher (level 9, -2/48 HPs)
             Began as a Vine Stalker Fighter on June 21, 2022.
             Was a Follower of Uskayaw.
             Hit by a javelin thrown by a centaur (5 damage)
             ... in a bailey.
             The game lasted 00:09:40 (5751 turns).

ZappyNine the Skirmisher (Vine Stalker Fighter)     Turns: 5751, Time: 00:09:40

Health: -2/48      AC: 15    Str: 20 (23) XL:     9   Next: 9%
Magic:  0/10       EV:  5    Int:  7 (8)  God:    Uskayaw [*.....]
Gold:   180        SH:  6    Dex: 12 (14) Spells: 8/8 levels left

rFire   . . .      SeeInvis .   s - +1 short sword (speed)
rCold   + . .      Faith    .   c - +1 buckler
rNeg    . . .      Spirit   +   t - +0 plate armour
rPois   +          Reflect  .   d - +3 hat of Intuition {rC+ Slay+3}
rElec   .          Harm     .   (no cloak)
rCorr   .          Rampage  .   (no gloves)
Will    +....                   (no boots)
Stlth   ..........              (no amulet)
HPRegen 0.96/turn               (no ring)
MPRegen 0.12/turn               (no ring)

@: no status effects
A: fangs 3, regeneration 1, magic shield, antimagic bite, no potion heal 2,
poison resistance
a: Renounce Religion, Stomp


You were in a bailey.
You worshipped Uskayaw.
Uskayaw was noncommittal.
You visited 2 branches of the dungeon, and saw 8 of its levels.
You also visited: Bailey.

You collected 180 gold pieces.

Inventory:

Hand Weapons
 a - a +0 rapier
 s - a +1 short sword of speed (weapon)
Missiles
 y - a throwing net (quivered)
Armour
 b - a +0 scale mail
 c - a +1 buckler (worn)
 d - the +3 hat of Intuition (worn) {rC+ Slay+3}
   (You acquired it on level 5 of the Dungeon)

   Slay:      It affects your accuracy & damage with ranged weapons and melee
   (+3).
   rC:        It protects you from cold.
 l - a +0 helmet
 t - a +0 plate armour (worn)
Jewellery
 q - a ring of protection from cold
Wands
 v - a wand of mindburst (6)
Scrolls
 m - 2 scrolls of amnesia
 o - 2 scrolls of teleportation
 p - 5 scrolls of identify
Potions
 i - a potion of magic {unknown}
 n - a potion of ambrosia
 w - 3 potions of lignification
 x - a potion of curing


   Skills:
 + Level 6.3 Fighting
 + Level 6.0 Short Blades
 + Level 5.7 Armour
 - Level 4.0 Shields
 + Level 1.2 Invocations


You had 8 spell levels left.
You didn't know any spells.
Your spell library contained the following spells:

 Spells                   Type           Power      Damage    Failure   Level
 Apportation              Tloc           0%         N/A       100%        1
 Necrotize                Necr           0%         1d4       100%        1
 Summon Small Mammal      Summ           0%         N/A       100%        1


Dungeon Overview and Level Annotations

Branches:
Dungeon (8/15)             Temple (1/1) D:4          Bailey (1/1)
   Lair: D:8-11

Altars:
Ashenzari
Cheibriados
Dithmenos
Elyvilon
Fedhas
Gozag
Hepliaklqana
Kikubaaqudgha
Makhleb
Nemelex Xobeh
Okawaru
Qazlal
Ru
Sif Muna
Trog
Uskayaw
Vehumet
Wu Jian
Xom
Zin
The Shining One

Annotations:
D:3 1 runed translucent door, Crazy Yiuf
D:4 1 runed translucent door, chrisa4242's ghost, amateur DsCK


Innate Abilities, Weirdness & Mutations

You have razor-sharp teeth.
Your natural rate of healing is unusually fast.
When hurt, damage is shared between your health and your magic reserves.
Your bite disrupts and absorbs the magic of your enemies.
Potions cannot restore your health.
Your system is resistant to poisons. (rPois)


Message History

The orc warrior hits you from afar with a +0 spear.
You block the orc's attack.
The orc hits you from afar with a +0 halberd.
The orc warrior hits you but does no damage.
The orc warrior hits you with a +0 glaive!
Unknown command.
Unknown command.
It was a potion of degeneration.
There was something very wrong with that liquid.
You feel weakened.
You feel dopey.
You feel clumsy. You block the centaur's attack.
The orc warrior hits you but does no damage.
You block the orc's attack.
The orc warrior hits you but does no damage.
The orc barely misses you.
The centaur hits you from afar with a +0 spear.
* * * LOW HITPOINT WARNING * * *
The orc warrior hits you but does no damage.
The orc warrior attacks as you move away!
The orc warrior hits you with a +0 spear!
* * * LOW HITPOINT WARNING * * *
Your surroundings suddenly seem different. 4 orcs, 2 centaurs and 3 orc warriors come into view.
The orc shouts! x2; The orc warrior shouts!
The orc shouts!
The centaur shouts! x2
The orc warrior shouts!
You hear a shout! x3
The centaur hits you but does no damage.
Found a bronze ring, a glowing falchion and 3 scrolls of enchant armour.
The orc warrior hits you from afar with a +0 halberd.
* * * LOW HITPOINT WARNING * * *
You block the orc's attack.
An orc comes into view. It is wielding a +0 spear.
The centaur throws a javelin.
The javelin pierces through you!
* * * LOW HITPOINT WARNING * * *
Okay, then.
It was a potion of cancellation.
Your magical effects are unravelling.
You feel magically purged.
You feel your willpower return.
The centaur throws a javelin.
The javelin pierces through you.
You die...

,*,,+,,,,,,≈≈≈≈≈≈≈≈≈≈≈≈≈,,≈,≈≈*
,*,,+,,,,..≈≈≈≈≈=)?≈≈≈≈o,,,,≈≈*
,*,,+,,,...≈≈≈≈≈≈≈≈≈≈≈≈≈,,≈,≈≈*
,*,,****#...≈≈≈≈≈≈≈≈≈≈≈.,,≈,≈≈*
**,,*≈≈,≈≈....≈≈≈≈≈≈≈...,≈≈,≈≈*
*⌠..#≈≈≈.≈...o.....o....,≈,≈≈≈*
*...#≈≈≈.≈≈.⌠..o.o....⌠.≈≈,≈≈≈*
*...#≈≈≈≈.≈...o.........≈,≈≈≈≈*
#...#≈≈≈≈.≈≈≈...@.....≈≈≈,≈≈≈≈*
....#≈≈≈≈≈..≈≈≈.....≈≈≈.,≈≈≈≈≈*
o...#≈≈≈≈≈≈≈..≈≈≈≈≈≈≈..≈≈≈≈≈≈≈*
o..#**≈≈≈≈≈≈≈≈..coco.≈≈≈≈≈≈≈≈**
..#* **≈≈≈≈≈≈≈≈≈≈≈≈≈≈≈≈≈≈≈≈≈**
≈## **≈≈≈≈≈≈≈≈≈≈≈≈≈≈≈≈≈≈≈** ##
*################****


You could see 3 orc warriors, 2 centaurs and 5 orcs.

Vanquished Creatures
  Pikel (D:5)
  A water moccasin (D:7)
  An ice beast (D:7)
  2 ogres
  A centaur (D:7)
  A phantom (D:7)
  A gnoll sergeant (D:7)
  2 bullfrogs
  A necrophage (D:4)
  3 killer bees (D:7)
  A jelly (D:7)
  3 orc priests
  An orc wizard (D:3)
  An iguana (D:7)
  7 gnolls (D:7)
  8 adders
  A shadow imp (D:7)
  An ufetubus (D:4)
  2 worms
  6 orcs
  13 endoplasms
  6 giant cockroaches
  9 goblins
  8 hobgoblins
  6 jackals (D:1)
  10 kobolds
  3 quokkas
  4 ball pythons
  7 bats
  2 frilled lizards
  10 rats
123 creatures vanquished.

Notes
Turn   | Place    | Note
-------+----------+-------------------------------------------
     0 | D:1      | ZappyNine the Vine Stalker Fighter began the quest for the
                  | Orb.
     0 | D:1      | Reached XP level 1. HP: 11/11 MP: 2/2
    97 | D:1      | Found a faded altar of an unknown god.
   183 | D:1      | Reached XP level 2. HP: 16/16 MP: 3/3
   849 | D:1      | Reached XP level 3. HP: 14/19 MP: 4/4
  1753 | D:2      | Gained mutation: Your natural rate of healing is unusually
                  | fast. [Vine Stalker growth]
  1753 | D:2      | Reached XP level 4. HP: 17/24 MP: 3/5
  2298 | D:3      | Reached XP level 5. HP: 28/28 MP: 3/6
  2413 | D:3      | Reached XP level 6. HP: 25/33 MP: 7/7
  2651 | D:3      | Found an opulent altar of Gozag.
  2926 | D:3      | Found a runed translucent door.
  2927 | D:3      | Noticed Crazy Yiuf
  3162 | D:4      | Found a runed translucent door.
  3164 | D:4      | Noticed chrisa4242's ghost (amateur DsCK)
  3238 | D:4      | Identified the +5 hand axe of Generosity {freeze, *Rage rN+
                  | Int+6}
  3639 | D:4      | Found a staircase to the Ecumenical Temple.
  3652 | Temple   | Entered the Ecumenical Temple
  4089 | Temple   | Became a worshipper of Uskayaw the Reveller
  4373 | D:5      | Entered Level 5 of the Dungeon
  4414 | D:5      | Noticed Pikel
  4425 | D:5      | Reached * piety under Uskayaw
  4438 | D:5      | Reached ** piety under Uskayaw
  4444 | D:5      | Reached *** piety under Uskayaw
  4446 | D:5      | Killed Pikel
  4447 | D:5      | Reached skill level 5 in Fighting
  4447 | D:5      | Reached XP level 7. HP: 15/39 MP: 8/8
  4447 | D:5      | Gained mutation: You have razor-sharp teeth. [Vine Stalker
                  | growth]
  4447 | D:5      | Reached XP level 8. HP: 17/43 MP: 9/9
  4706 | D:5      | Identified a scroll of acquirement
  4706 | D:5      | Acquired the +3 hat of Intuition {rC+ Slay+3}
  4743 | D:5      | You fall into a shaft and drop 2 floors!
  4807 | D:7      | Reached skill level 5 in Short Blades
  4816 | D:7      | Reached **** piety under Uskayaw
  4855 | D:7      | Reached skill level 5 in Armour
  4933 | D:7      | Reached ***** piety under Uskayaw
  5253 | D:7      | Reached XP level 9. HP: 42/48 MP: 7/10
  5662 | D:8      | Reached skill level 1 in Invocations
  5688 | D:8      | Found a flagged portal.
  5727 | Bailey   | Entered a bailey
  5743 | Bailey   | Gained mutation: Your system is resistant to poisons.
                  | (rPois) [potion of mutation]
  5750 | Bailey   | HP: 2/48 [centaur/javelin (4)]
  5751 | Bailey   | Hit by a javelin thrown by a centaur

Illustrated notes

Levels and vault maps discovered:
D:1:      tarquinn_simple_flora_water_a, layout_loops_ring,
          ebering_ecumenical_altar_ruins
D:2:      layout_basic
D:3:      layout_basic, lemuel_doored_altar, serial_glass, glass_columns_a,
          glass_columns_c, minmay_misc_feat_hallway, minivault_11,
          hangedman_decor_push, uniq_crazy_yiuf_cottage
D:4:      layout_loops_ring, minmay_temple_entry_crystal_x,
          ebering_ghost_sewer_d, hangedman_decor_peaks_small, minmay_small_thing
D:5:      layout_loops_corners, uniq_pikel
D:7:      layout_basic
D:8:      layout_basic, enter_bailey_6
Temple:   mainiacjoe_temple_big_plus
Bailey:   bailey_polearm_flooded_kennysheep, bailey

Skill      XL: |  1  2  3  4  5  6  7  8  9 |
---------------+----------------------------+-----
Short Blades   | 2 3 4 5 6 |  6.0
Shields        | 3 4 |  4.0
Fighting       | 3 5 6 |  6.3
Armour         | 3 4 5 |  5.7
Invocations    | 1 |  1.2

Action                   |  1- 3 |  4- 6 |  7- 9 || total
-------------------------+-------+-------+-------++-------
Melee: Rapier            |   103 |   143 |       ||   246
       Bite              |    24 |    52 |    34 ||   110
       Short sword       |       |    97 |   108 ||   205
  Use: Potion            |       |     3 |     3 ||     6
       Scroll            |       |       |    13 ||    13
 Stab: Paralysed         |       |     1 |     3 ||     4
Armor: Scale mail        |    48 |    92 |       ||   140
       Plate armour      |       |    46 |    56 ||   102
Dodge: Dodged            |    35 |    78 |    20 ||   133
Block: Buckler           |    17 |    47 |    23 ||    87

Table legend: (Time is in decaauts)
 A = Elapsed time spent in this place.
 B = Non-inter-level travel time spent in this place.
 C = Inter-level travel time spent in this place.
 D = Time resting spent in this place.
 E = Time spent auto-exploring this place.
 F = Levels seen in this place.
 G = Mean time per level.
                   A        B        C        D        E       F      G
               +--------+--------+--------+--------+--------+-----+--------+
         Total |   5708 |   5488 |    220 |    686 |   3903 |   9 |  634.2 |
       Dungeon |   5227 |   5075 |    152 |    686 |   3520 |   7 |  746.7 |
        Temple |    459 |    391 |     68 |      0 |    383 |   1 |  459.0 |
        Bailey |     20 |     20 |      0 |      0 |      0 |   1 |   20.0 |
               +--------+--------+--------+--------+--------+-----+--------+

Top non-repeatable levels by time:
     D:1: 1386 daAuts
     D:3: 970 daAuts
     D:7: 856 daAuts
     D:4: 811 daAuts
     D:2: 756 daAuts
  Temple: 459 daAuts
     D:5: 360 daAuts
     D:8: 86 daAuts
  Bailey: 20 daAuts
